 Dungeon Crawl Stone Soup version 0.28-a0-1152-g9c71ebef14 (webtiles) character file.

Game seed: 11268420913020563312

15 spaghetti the Sneak (level 2, -2/20 HPs)
             Began as a Tengu Delver on Dec 14, 2021.
             Slain by a centaur (4 damage)
             ... on level 7 of the Dungeon.
             The game lasted 00:00:25 (117 turns).

spaghetti the Sneak (Tengu Delver)                   Turns: 117, Time: 00:00:26

Health: -2/20      AC:  3    Str: 12    XL:     2   Next: 50%
Magic:  3/3        EV: 12    Int: 10    God:
Gold:   0          SH:  0    Dex: 15    Spells: 1/1 levels left

rFire   . . .      SeeInvis .   a - +0 falchion {long}
rCold   . . .      Faith    .   (no shield)
rNeg    . . .      Spirit   .   b - +0 leather armour
rPois   .          Reflect  .   (helmet restricted)
rElec   .          Harm     .   (no cloak)
rCorr   .          Rampage  .   (no gloves)
Will    .....                   (boots unavailable)
Stlth   +++.......              (no amulet)
HPRegen 0.06/turn               (no ring)
MPRegen 0.08/turn               (no ring)

@: no status effects
A: beak, talons 3
a: no special abilities


You were on level 7 of the Dungeon.
You visited 1 branch of the dungeon, and saw 3 of its levels.


Innate Abilities, Weirdness & Mutations

You have a beak for a mouth.
You have claws for feet.


   Skills:
 + Level 3.8 Fighting
 - Level 2.1 Long Blades
 - Level 2.1 Dodging
 - Level 5.0 Stealth


You had one spell level left.
You didn't know any spells.
Your spell library contained the following spells:

 Spells                   Type           Power      Damage    Failure   Level
 Sandblast                Erth           0%         2d4       43%         1
 Passwall                 Tmut/Erth      0%         N/A       58%         2
 Stone Arrow              Conj/Erth      0%         3d7       82%         3

Inventory:

Hand Weapons
 a - a +0 falchion (weapon) {long}
Armour
 b - a +0 leather armour (worn)
Wands
 g - a wand of digging (3)
Scrolls
 c - a scroll of fog
 d - a scroll of magic mapping {!r}
Potions
 f - a potion of haste {@q3}

Dungeon Overview and Level Annotations

Branches:
Dungeon (7/15)
 Temple: D:4-7

Altars:

##### ####...#
#)@..#.#
#c##...###########
#o ##.......<....#
#. ############.#
.. #. #. #.


You could see a centaur and an orc.


Message History

The orc looks frightened!
The orc shouts!
The orc looks frightened!
You hear a shout! x2
The orc wizard mumbles some strange words.
The orc wizard flickers and vanishes!
Deactivating autopickup; reactivate with Ctrl-A.
The orc wizard mumbles some strange words.
The orc wizard flickers and vanishes!
You see here a +0 leather armour.
There is a stone staircase leading down here.
You climb downwards.
Reactivating autopickup.
There is a stone staircase leading up here.
Unknown command.
Unknown command.
Unknown command.
You pick up a book of Geomancy and begin reading...
You add the spells Sandblast, Passwall and Stone Arrow to your library.
There are no items here.
An orc comes into view. It is wielding a +0 club.
The orc shouts!
You hear a shout! x2
You hit the orc. You claw the orc, but do no damage. The orc misses you.
An orc wizard comes into view.
It is wielding a +0 dagger and wearing a +2 robe of willpower.
The orc hits you with a +0 club. 😕 HP[-2]
You take 2 damage, and now have 12/14 hp.
You hit the orc.
Okay, then.
Okay, then.
Okay, then.
You miss the orc wizard. You claw the orc wizard.
A centaur comes into view.
You closely miss the orc wizard.
The orc wizard points at you and mumbles some strange words.
The puff of flame hits you.
* * * LOW HITPOINT WARNING * * *
😨 HP[-6]
You take 6 damage, and now have 6/14 hp.
MASSIVE DAMAGE!! (PAUSE) Unknown command.
You hit the orc wizard.
The orc wizard casts a spell.
The orc wizard flickers and vanishes!
Deactivating autopickup; reactivate with Ctrl-A.
The centaur wields a +0 shortbow.
The centaur shoots an arrow.
Reactivating autopickup.
You feel a bit more experienced.
You hear a shout!
You have reached level 2! 😨 HP[+3] MP[+1]
You now have 20 max hp (+6).
You regained 3 hp, and now have 9/20 hp.
Your mp is fully restored (3).
You don't have any such object.
Evoke which item? (* to show all) (? for menu, Esc to quit)
Okay, then.
Okay, then.
The centaur unwields a +0 shortbow.
The centaur closely misses you. The centaur barely misses you.
The orc hits you but does no damage.
An orc comes into view. It is wielding a +0 hand axe.
Things that are here:
a +0 dagger {short}; a +2 robe of willpower You slash the centaur!
Your kick misses the centaur. The centaur closely misses you.
The centaur barely misses you. The orc hits you with a +0 club.
* * * LOW HITPOINT WARNING * * *
The centaur closely misses you. The centaur kicks you.
* * * LOW HITPOINT WARNING * * *
The orc barely misses you. 😨 HP[-3]
You take 3 damage, and now have 6/20 hp.
Unknown command.
Unknown command.
Unknown command.
You hit the centaur. You claw the centaur, but do no damage.
The centaur hits you.
* * * LOW HITPOINT WARNING * * *
The centaur barely misses you.
The centaur hits you but does no damage.
The centaur misses you. The orc closely misses you. 😱 HP[-1]
You take 1 damage, and now have 5/20 hp.
Unknown command.
Unknown command.
Unknown command.
You hit the orc.
You kill the orc!
The centaur misses you. The centaur closely misses you.
The centaur barely misses you. The centaur kicks you.
* * * LOW HITPOINT WARNING * * *
😱 HP[-2]
You take 2 damage, and now have 3/20 hp.
Unknown command.
Unknown command.
You barely miss the centaur. You peck the centaur. The centaur misses you.
The centaur kicks you.
* * * LOW HITPOINT WARNING * * *
The centaur hits you.
You die...

Action                   || total
-------------------------++-------
Melee: Falchion          ||     9
       Kick              ||     3
       Peck              ||     1
  Use: Scroll            ||     1
Armor: Leather armour    ||     2
Dodge: Dodged            ||    14

Levels and vault maps discovered:
D:5:      layout_loops_cross, chequers_temple_overflow_minitemple,
          eino_small_chamber_without_monster, uniq_sigmund, uniq_grinder
D:6:      layout_loops_ring, grunt_ministairs_8, nicolae_underground_beach
D:7:      layout_loops_ring

Notes
Turn   | Place    | Note
-------+----------+-------------------------------------------
     0 | D:5      | spaghetti the Tengu Delver began the quest for the Orb.
     0 | D:5      | Reached XP level 1. HP: 14/14 MP: 2/2
     0 | D:5      | magus.rc [v1.9.6]
    91 | D:6      | Noticed an orc wizard
    91 | D:6      | Identified the +2 dagger "Vanobas" {vorpal, Contam Str+7
                  | Int+4 SInv}
    91 | D:6      | Noticed an orc wizard
   102 | D:7      | You pick up a book of Geomancy and begin reading...
   102 | D:7      | You add the spells Sandblast, Passwall and Stone Arrow to
                  | your library.
   108 | D:7      | Noticed an orc wizard
   110 | D:7      | Noticed a centaur
   112 | D:7      | Killed an orc wizard
   113 | D:7      | Reached XP level 2. HP: 9/20 MP: 3/3
   115 | D:7      | HP: 5/20 [centaur (1)]
   117 | D:7      | HP: 2/20 [centaur (1)]
   117 | D:7      | Slain by a centaur

Vanquished Creatures
  An orc (D:7)
1 creature vanquished.

Vanquished Creatures (others)
  An orc wizard (D:7)
1 creature vanquished.

Grand Total: 2 creatures vanquished

Table legend:
 A = Non-vault XP
 B = Vault XP
 C = Vault XP percentage of total XP
 D = Non-vault monster count
 E = Vault monster count
 F = Vault count percentage of total count
                 A         B        C        D         E       F
            +---------+---------+-------+---------+---------+-------
      Total |      22 |       0 |   0.0 |       2 |       0 |   0.0
            +---------+---------+-------+---------+---------+-------
        D:7 |      22 |       0 |   0.0 |       2 |       0 |   0.0
            +---------+---------+-------+---------+---------+-------

Illustrated notes

Table legend:
 A = Kills in this place as a percentage of kills in entire the game.
 B = Kills by you in this place as a percentage of kills by you in the entire game.
 C = Kills by friends in this place as a percentage of kills by friends in the entire game.
 D = Other kills in this place as a percentage of other kills in the entire game.
 E = Experience gained in this place as a percentage of experience gained in the entire game.
 F = Experience gained in this place divided by the number of levels of this place that you have seen.
                   A       B       C       D       E      F
               +-------+-------+-------+-------+-------+----------------------
         Total | 100.0 | 100.0 |   N/A | 100.0 | 100.0 |   7.3
       Dungeon | 100.0 | 100.0 |   N/A | 100.0 | 100.0 |   7.3
               +-------+-------+-------+-------+-------+----------------------

Table legend: (Time is in decaauts)
 A = Elapsed time spent in this place.
 B = Non-inter-level travel time spent in this place.
 C = Inter-level travel time spent in this place.
 D = Time resting spent in this place.
 E = Time spent auto-exploring this place.
 F = Levels seen in this place.
 G = Mean time per level.
                   A        B        C        D        E       F      G
               +--------+--------+--------+--------+--------+-----+--------+
         Total |    118 |    118 |      0 |     82 |      6 |   3 |   39.3 |
       Dungeon |    118 |    118 |      0 |     82 |      6 |   3 |   39.3 |
               +--------+--------+--------+--------+--------+-----+--------+

Top non-repeatable levels by time:
     D:6: 92 daAuts
     D:7: 21 daAuts
     D:5: 4 daAuts
